 Dungeon Crawl Stone Soup version 0.29.1-1-gd02db6906a (webtiles) character file.

Game seed: 8343353201914482706

1795 ben10mad the Grappler (level 8, -13/78 HPs)
             Began as a Troll Berserker on Oct 9, 2022.
             Was a Priest of Trog.
             Mangled by a gnoll sergeant
             ... wielding a +2 spear of distortion
              (19 damage)
             ... on level 7 of the Dungeon.
             The game lasted 00:23:58 (4263 turns).

ben10mad the Grappler (Troll Berserker)             Turns: 4263, Time: 00:23:59

Health: -13/78     AC:  4    Str: 28    XL:     8   Next: 83%
Magic:  7/7        EV: 11    Int:  3    God:    Trog [***...]
Gold:   300        SH:  0    Dex: 15    Spells: 7/7 levels left

rFire   . . .      SeeInvis .     - Unarmed
rCold   . . .      Faith    .   (no shield)
rNeg    . . .      Spirit   .   a - +0 animal skin
rPois   .          Reflect  .   (helmet restricted)
rElec   .          Harm     .   (no cloak)
rCorr   .          Rampage  .   (gloves unavailable)
Will    .....                   (boots unavailable)
Stlth   ++........              (no amulet)
HPRegen 1.03/turn               i - +4 ring of slaying
MPRegen 0.10/turn               m - +6 ring of dexterity

@: on berserk cooldown, slowed, very slow
A: large, unfitting armour, claws 3, regeneration 1, shaggy fur 1, tough skin 1
a: Renounce Religion, Berserk, Trog's Hand


You were on level 7 of the Dungeon.
You worshipped Trog.
Trog was most pleased with you.
You visited 2 branches of the dungeon, and saw 8 of its levels.

You collected 300 gold pieces.

Inventory:

Armour
 a - a +0 animal skin (worn)
Jewellery
 e - a ring of magical power
 i - a +4 ring of slaying (left claw)
 m - a +6 ring of dexterity (right claw)
Wands
 x - a wand of mindburst (11)
 y - a wand of flame (11)
Scrolls
 b - a scroll of torment {unknown}
 c - a scroll of enchant armour {unknown}
 d - 7 scrolls of identify {unknown}
 f - 2 scrolls of poison {unknown}
 h - 2 scrolls of teleportation {unknown}
 j - 2 scrolls of amnesia {unknown}
 k - a scroll of acquirement {unknown}
 l - a scroll of enchant weapon {unknown}
 n - a scroll of silence {unknown}
 q - 2 scrolls of blinking {unknown}
 s - a scroll of noise {unknown}
 u - 2 scrolls of butterflies {unknown}
 z - a scroll of fear {unknown}
Potions
 g - 4 potions of haste {unknown}
 o - a potion of degeneration {unknown}
 p - a potion of attraction {unknown}
 r - a potion of brilliance {unknown}
 t - 2 potions of mutation {unknown}
 v - 2 potions of lignification {unknown}
 w - 3 potions of curing {unknown}


   Skills:
 + Level 3.7 Fighting
 + Level 4.6 Dodging
 + Level 2.4 Stealth
 + Level 9.4 Unarmed Combat


You had 7 spell levels left.
You didn't know any spells.
Your spell library contained the following spells:

 Spells                   Type           Power      Damage    Failure   Level
 Gell's Gravitas          Tloc           0%         N/A       88%         3
 Ozocubu's Armour         Ice            0%         N/A       88%         3
 Teleport Other           Tloc           0%         N/A       88%         3
 Metabolic Englaciation   Hex/Ice        0%         N/A       100%        5
 Dispersal                Tloc           0%         N/A       100%        6
 Simulacrum               Ice/Necr       0%         N/A       100%        6


Dungeon Overview and Level Annotations

Branches:
Dungeon (7/15)             Temple (1/1) D:4

Altars:
Ashenzari
Cheibriados
Dithmenos
Elyvilon
Fedhas
Gozag
Hepliaklqana
Kikubaaqudgha
Makhleb
Nemelex Xobeh
Okawaru
Ru
Sif Muna
Trog
Uskayaw
Vehumet
Wu Jian
Xom
Yredelemnul
Zin
The Shining One

Shops:
D:2 (


Innate Abilities, Weirdness & Mutations

You are too large for most types of armour.
You have claws for hands.
Your natural rate of healing is unusually fast.
You are covered in fur. (AC +1)
You have tough skin. (AC +1)


Message History

There is a stone staircase leading up here.
You feel your anger nearly subside.
You are no longer berserk.
You are exhausted.
You feel yourself slow down. The bullfrog barely misses you.
You claw the bullfrog!
You kill the bullfrog!
Trog accepts your kill.
The orc throws a boomerang of dispersal.
The boomerang of dispersal barely misses you.
The orc misses you.
You claw the orc!
You kill the orc!
Trog accepts your kill.
You claw the orc!
You kill the orc!
Trog accepts your kill.
You hear a shout!
You barely miss the gnoll sergeant.
The gnoll sergeant hits you with a +2 spear of distortion!
You claw the gnoll sergeant!
The gnoll sergeant is moderately wounded.
The gnoll sergeant hits you but does no damage.
You blink.
You feel the effects of Trog's Hand fading.
The gnoll sergeant completely misses you.
The gnoll sergeant hits you from afar with a +2 spear of distortion!
Space warps around you.
Your skin stops crawling.
You feel less strong-willed.
Okay, then.
The gnoll sergeant attacks as you move away!
The gnoll sergeant hits you with a +2 spear of distortion!
Space warps horribly around you!
The gnoll sergeant hits you from afar with a +2 spear of distortion!
* * * LOW HITPOINT WARNING * * *
Space warps horribly around you!
* * * LOW HITPOINT WARNING * * *
The gnoll sergeant hits you from afar with a +2 spear of distortion.
* * * LOW HITPOINT WARNING * * *
Space warps horribly around you!!
You die...

#.# #.. #.# #.# #.# #.#
##.#############
#.........@.g..#
#..##########..#####
#####<.# #..g.g.........
#......####.#####...#####
....###.†g.g..# #.#.# ##
#.#)###### #.#.# ).###.#
#.#.# ...# ##)# #.# #
####


ogg ..# You could see a gnoll sergeant.

Vanquished Creatures
  Prince Ribbit (D:5)
  A steam dragon (D:5)
  Duvessa (D:6)
  An orc warrior (D:6)
  A black bear (D:5)
  A sky beast (D:6)
  2 phantoms
  A necrophage (D:6)
  A bullfrog (D:7)
  A scorpion (D:6)
  Dowan (D:6)
  A howler monkey (D:6)
  2 quasits (D:4)
  3 jellies
  2 gnoll boudas
  2 hounds
  An orc priest (D:6)
  2 iguanas
  2 orc wizards
  Robin (D:4)
  7 gnolls
  4 adders
  3 shadow imps
  5 white imps (D:4)
  4 ufetubi
  A worm (D:2)
  3 dart slugs
  10 orcs
  2 endoplasms
  4 giant cockroaches
  14 goblins
  6 hobgoblins
  11 jackals
  4 quokkas
  3 ball pythons
  4 bats
  4 frilled lizards
  4 kobolds
  3 rats
124 creatures vanquished.

Vanquished Creatures (others)
  A fungus (D:2)
1 creature vanquished.

Grand Total: 125 creatures vanquished

Notes
Turn   | Place    | Note
-------+----------+-------------------------------------------
     0 | D:1      | ben10mad the Troll Berserker began the quest for the Orb.
     0 | D:1      | Reached XP level 1. HP: 22/22 MP: 0/0
   161 | D:1      | Reached XP level 2. HP: 29/29 MP: 1/1
   624 | D:2      | Reached XP level 3. HP: 36/36 MP: 2/2
   635 | D:2      | Reached ** piety under Trog
   719 | D:2      | Found a faded altar of an unknown god.
  1212 | D:2      | Found Ufewal's Antique Weapon Emporium.
  1616 | D:3      | Reached skill level 4 in Unarmed Combat
  2005 | D:4      | Reached XP level 4. HP: 36/44 MP: 3/3
  2018 | D:4      | Noticed Robin
  2035 | D:4      | Killed Robin
  2043 | D:4      | Reached XP level 5. HP: 44/52 MP: 4/4
  2183 | D:4      | Reached skill level 5 in Unarmed Combat
  2192 | D:4      | Reached *** piety under Trog
  2316 | D:4      | Found a staircase to the Ecumenical Temple.
  2444 | D:5      | Entered Level 5 of the Dungeon
  2567 | D:5      | Reached XP level 6. HP: 61/61 MP: 5/5
  2634 | D:5      | Noticed a steam dragon
  2638 | D:5      | Killed a steam dragon
  2639 | D:5      | Reached skill level 1 in Stealth
  2639 | D:5      | Reached skill level 6 in Unarmed Combat
  2690 | D:5      | Noticed Prince Ribbit
  2701 | D:5      | Killed Prince Ribbit
  2702 | D:5      | Reached XP level 7. HP: 53/67 MP: 6/6
  2783 | D:5      | Reached skill level 7 in Unarmed Combat
  3245 | D:6      | Noticed Dowan
  3247 | D:6      | Noticed Duvessa
  3250 | D:6      | Killed Dowan
  3255 | D:6      | Killed Duvessa
  3256 | D:6      | Reached skill level 8 in Unarmed Combat
  3256 | D:6      | Reached XP level 8. HP: 8/75 MP: 7/7
  3562 | D:6      | Reached **** piety under Trog
  3702 | D:6      | Reached skill level 9 in Unarmed Combat
  4066 | Temple   | Entered the Ecumenical Temple
  4263 | D:7      | Mangled by a gnoll sergeant

Illustrated notes

Levels and vault maps discovered:
D:1:      heliophobic_arrival_henge, layout_basic, serial_park_tiny_pond
D:2:      layout_basic, shapermc_ecumenical_altar_mp_urbaneastern, serial_shops,
          nicolae_shop_behind_doors, corner_web_ring,
          minmay_misc_feat_nine_boxes, minmay_misc_feat_diagonals
D:3:      layout_loops_ring
D:4:      layout_rooms, minmay_temple_entry_poolview, serial_demonic,
          serial_demonic_b, serial_demonic_a, serial_demonic_d,
          serial_demonic_d, serial_demonic_d, chequers_serial_rivers_micro_e,
          uniq_robin
D:5:      layout_loops_ring, uniq_prince_ribbit1
D:6:      minmay_evil_eye, layout_loops_ring, lightli_minifort, uniq_duvessa
D:7:      layout_loops_ring
Temple:   grunt_wide_crystal_templ

Skill      XL: |  1  2  3  4  5  6  7  8 |
---------------+-------------------------+-----
Unarmed Combat | 4 5 6 8 9 |  9.4
Dodging        | 3 4 |  4.6
Fighting       | 3 |  3.7
Stealth        | 1 2 |  2.4

Action                   |  1- 3 |  4- 6 |  7- 9 || total
-------------------------+-------+-------+-------++-------
Melee: Unarmed           |    97 |    79 |   116 ||   292
       Punch             |     2 |     4 |     7 ||    13
Invok: Berserk           |       |     1 |     3 ||     4
       Trog's Hand       |       |       |     3 ||     3
 Stab: Sleeping          |     1 |     2 |     3 ||     6
Armor: Animal skin       |    35 |    39 |    14 ||    88
Dodge: Dodged            |    52 |    46 |    50 ||   148
